 Dungeon Sprint DCSS version 0.26-a0-1012-gedcf9b2963 (webtiles) character file.

Game seed: 8537062684682830587

5690 Conn the Blocker (level 10, -10/68 HPs)
             Began as a Gargoyle Berserker on Dec 7, 2020.
             Was a High Priest of Trog.
             Mangled by a tentacle (16 damage)
             ... attached to a kraken
             ... in the Dungeon (Sprint II: "The Violet Keep of Menkaure").
             The game lasted 00:22:40 (1701 turns).

Conn the Blocker (Gargoyle Berserker)               Turns: 1701, Time: 00:22:41

Health: -10/68     AC: 21    Str: 23    XL:     10   Next: 76%
Magic:  10/10      EV: 10    Int: 14    God:    Trog [*****.]
Gold:   185        SH: 21    Dex:  9    Spells: 9/9 levels left

rFire    . . .     SeeInvis .   h - +2 morningstar (vorpal)
rCold    . . .     Faith    .   i - +2 tower shield
rNeg     + . .     Spirit   .   e - +2 chain mail of Fun {Int+5}
rPois    ∞         Reflect  .   (no helmet)
rElec    +         Harm     .   (no cloak)
rCorr    .         Rampage  .   (no gloves)
Will     .....     NoTele   +   (no boots)
Stlth    ..........             (no amulet)
HPRegen  0.21/turn              (no ring)
MPRegen  0.12/turn              (no ring)

@: flying
A: negative energy resistance 1, electricity resistance, unbreathing,
petrification resistance, rot immunity, AC +7
a: Berserk, Trog's Hand, Brothers in Arms, Renounce Religion


You were in the Dungeon.
You worshipped Trog.
Trog was extremely pleased with you.
You visited 1 branch You collected 985 gold pieces.
You spent 800 gold pieces at shops.

Inventory:

Hand Weapons
 a - a +0 mace
 c - a cursed -1 arbalest
 h - a +2 vorpal morningstar (weapon)
 m - a +0 antimagic scimitar
Missiles
 d - 19 bolts
Armour
 b - a +0 animal skin
 e - the +2 chain mail of Fun (worn) {Int+5}
   (You bought it in a shop in the Dungeon)

   It affects your intelligence (+5).
 i - a +2 tower shield (worn)
Wands
 g - a wand of acid (1)
Scrolls
 j - a scroll of identify {unknown}
 l - a scroll of remove curse
Potions
 f - 2 potions of magic
 k - 2 potions of flight


   Skills:
 + Level 10.8 Fighting
 + Level 12.3 Maces & Flails
 * Level 12.2 Armour
 * Level 9.5 Dodging
 + Level 3.7 Stealth
 * Level 12.7 Shields
 + Level 2.1 Evocations


You had 9 spell levels left.
You didn't know any spells.
Your spell library was empty.

Dungeon Overview and Level Annotations

Branches:
Dungeon (1/1)

Altars:
Cheibriados
Dithmenos
Elyvilon
Fedhas
Gozag
Hepliaklqana
Kikubaaqudgha
Makhleb
Nemelex Xobeh
Okawaru
Qazlal
Ru
Sif Muna
Trog
Uskayaw
Vehumet
Wu Jian
Xom
Yredelemnul
Zin
The Shining One
Beogh
Jiyva
Lugonu

Shops:
D :!=*!=[[}?(=:=?[

Annotations:
D exclusions: oklob plant and orange crystal statue, Roxanne


Innate Abilities, Weirdness & Mutations

You are resistant to torment.
Your stone body is resilient. (AC +7)
You are immune to poison.
You resist negative energy. (rN+)
You are resistant to electric shocks. (rElec)
You can survive without breathing.
You are immune to petrification.
You are immune to rotting.


Message History

You block the tentacle's attack.
The tentacle slaps you but does no damage.
Your unstable footing causes you to fumble your attack.
The tentacle slaps you!
The tentacle slaps you but does no damage.
You puncture the tentacle!
The tentacle is heavily wounded.
You block the tentacle's attack.
You barely miss the tentacle.
The tentacle is heavily wounded.
You block the tentacle's attack. The tentacle slaps you!
Your unstable footing causes you to fumble your attack.
The tentacle slaps you but does no damage.
The tentacle slaps you!!
* * * LOW HITPOINT WARNING * * *
Okay, then.
It was a potion of flight.
You feel very buoyant.
You fly up into the air.
The tentacle slaps you!
You die...

####.#†.# #..'†##.#
}▓$?$($??(▓▓
#..#.^.####▓(()[??$$▓▓
#####..##.#▓)?)?$!!$▓▓
.#..'^^#..#▓[!$([!$=▓▓
.#..#..#..#▓[!$"?$!$▓▓
.####..##.#▓=())$(?$▓▓
...###...##▓▓▓▓▓▓▓Λ▓▓▓▓+▓
.....≈≈≈≈≈≈≈≈≈≈≈@w.──Xw≈▓
.....§#+########+###.ww≈▓
≈≈≈§§≈#_._....{#S≈§ ≈≈▓
§≈≈≈§≈#._._....#§§≈≈ ▓
≈≈§≈≈≈#_._._...#≈≈§≈≈#
≈≈§§≈≈#._._._..#≈§≈§§≈
≈≈≈§≈≈#_._._._.#≈§§≈ ≈
≈###≈≈#._._._._#§§§§§ §#
#≈≈#.._._._.#§


You could see a kraken and 4 tentacles.

Vanquished Creatures
  An unseen horror (D)
  A death drake (D)
  A yaktaur (D)
  3 polar bears (D)
  A hornet (D)
  12 flying skulls (D)
  3 wyverns (D)
  Menkaure (D)
  4 necrophages (D)
  A scorpion (D)
  4 worker ants (D)
  3 worms (D)
35 creatures vanquished.

Vanquished Creatures (collateral kills)
  A crystal guardian (D)
  A death drake (D)
  2 swamp drakes (D)
4 creatures vanquished.

Vanquished Creatures (others)
  A water moccasin (D)
1 creature vanquished.

Grand Total: 40 creatures vanquished

Notes
Turn   | Place    | Note
-------+----------+-------------------------------------------
     0 | D        | Conn the Gargoyle Berserker began the quest for the Orb.
     0 | D        | Reached XP level 1. HP: 14/14 MP: 1/1
     1 | D        | Noticed a worker ant
     1 | D        | Noticed a worker ant
     1 | D        | Noticed a worker ant
     1 | D        | Noticed a worker ant
    13 | D        | Killed a worker ant
    14 | D        | Reached XP level 2. HP: 19/20 MP: 2/2
    18 | D        | Reached skill level 5 in Fighting
    18 | D        | Reached skill level 5 in Maces & Flails
    18 | D        | Reached XP level 3. HP: 26/26 MP: 3/3
    22 | D        | Reached ** piety under Trog
    23 | D        | Reached XP level 4. HP: 21/32 MP: 4/4
    51 | D        | Killed a water moccasin
   240 | D        | Noticed a boulder beetle
   240 | D        | Noticed a boulder beetle
   244 | D        | Noticed a necrophage
   244 | D        | Noticed a necrophage
   244 | D        | Noticed a necrophage
   244 | D        | Noticed a necrophage
   252 | D        | Killed a necrophage
   253 | D        | Reached skill level 5 in Armour
   253 | D        | Reached XP level 5. HP: 37/37 MP: 5/5
   256 | D        | Killed a necrophage
   257 | D        | Reached skill level 5 in Dodging
   257 | D        | Reached skill level 1 in Stealth
   257 | D        | Reached XP level 6. HP: 39/44 MP: 6/6
   259 | D        | Killed a necrophage
   259 | D        | Reached *** piety under Trog
   274 | D        | Killed a necrophage
   310 | D        | Reached **** piety under Trog
   311 | D        | Reached XP level 7. HP: 42/50 MP: 7/7
   316 | D        | Found an iron altar of Okawaru.
   316 | D        | Found a radiant altar of Vehumet.
   316 | D        | Found a glowing silver altar of Zin.
   317 | D        | Found a sparkling altar of Nemelex Xobeh.
   317 | D        | Found a hide-covered altar of Uskayaw.
   318 | D        | Found an opulent altar of Gozag.
   318 | D        | Found a burning altar of Makhleb.
   318 | D        | Found a bloodstained altar of Trog.
   319 | D        | Found a blossoming altar of Fedhas.
   319 | D        | Found a corrupted altar of Lugonu.
   319 | D        | Found a basalt altar of Yredelemnul.
   319 | D        | Found a shimmering blue altar of Sif Muna.
   330 | D        | Noticed Menkaure
   331 | D        | Noticed Roxanne
   338 | D        | Killed Menkaure
   339 | D        | Found Byenuf's Magic Scroll Shoppe.
   340 | D        | Found Jywyq's Book Shoppe.
   340 | D        | Found Nimed's Jewellery Emporium.
   341 | D        | Found Muwoje's Antique Weapon Shoppe.
   341 | D        | Found Jeyryug's Jewellery Shoppe.
   342 | D        | Found Oczod's Antique Armour Shoppe.
   342 | D        | Found Esyuklep's Antique Armour Emporium.
   342 | D        | Found Tuluxe's Gadget Emporium.
   342 | D        | Found Meixe's Magic Scroll Shoppe.
   343 | D        | Found Hud Cyph's Distillery.
   343 | D        | Found Xoaj Mit's General Store.
   343 | D        | Found Vulaoh's Jewellery Emporium.
   344 | D        | Found Nuppy's Jewellery Shoppe.
   344 | D        | Found Rushuen's Distillery.
   344 | D        | Noticed a soldier ant
   347 | D        | Noticed a soldier ant
   347 | D        | Noticed a soldier ant
   347 | D        | Noticed an oklob plant
   348 | D        | Found Ahyr's Book Shoppe.
   351 | D        | Noticed a great orb of eyes
   369 | D        | Bought a masterwork chain mail for 180 gold pieces
   379 | D        | Identified the +2 chain mail of Fun {Int+5} (You bought it
                  | in a shop in the Dungeon)
   391 | D        | Bought a wand of acid (11) for 360 gold pieces
   399 | D        | Bought a runed tower shield for 180 gold pieces
   524 | D        | Found a white marble altar of Elyvilon.
   524 | D        | Found an ancient bone altar of Kikubaaqudgha.
   525 | D        | Found a shadowy altar of Dithmenos.
   525 | D        | Found a viscous altar of Jiyva.
   526 | D        | Found a snail-covered altar of Cheibriados.
   528 | D        | Noticed a yaktaur
   528 | D        | Noticed a hornet
   528 | D        | Noticed a polar bear
   528 | D        | Noticed a polar bear
   542 | D        | Killed a polar bear
   543 | D        | Reached skill level 10 in Maces & Flails
   543 | D        | Noticed a polar bear
   545 | D        | Killed a yaktaur
   546 | D        | Reached XP level 8. HP: 17/56 MP: 8/8
   546 | D        | Killed a polar bear
   546 | D        | Reached ***** piety under Trog
   550 | D        | Killed a polar bear
   551 | D        | Reached skill level 1 in Evocations
   552 | D        | Killed a hornet
   812 | D        | Noticed a flying skull
   812 | D        | Noticed a flying skull
   815 | D        | Noticed a flying skull
   815 | D        | Noticed a flying skull
   815 | D        | Noticed a flying skull
   816 | D        | Noticed a flying skull
   816 | D        | Noticed a flying skull
   816 | D        | Noticed a flying skull
   816 | D        | Noticed a flying skull
   816 | D        | Noticed a flying skull
   817 | D        | Noticed a flying skull
   817 | D        | Noticed a flying skull
   834 | D        | Reached skill level 5 in Shields
   834 | D        | Reached XP level 9. HP: 62/62 MP: 9/9
   852 | D        | Bought a potion of heal wounds for 50 gold pieces
   869 | D        | Bought a scroll of remove curse for 30 gold pieces
   928 | D        | Reached skill level 10 in Fighting
   963 | D        | Reached skill level 10 in Armour
  1011 | D        | Reached ****** piety under Trog
  1091 | D        | Reached skill level 10 in Shields
  1091 | D        | Reached XP level 10. HP: 28/68 MP: 10/10
  1324 | D        | Noticed an orange crystal statue
  1332 | D        | Found Juvust's Armour Boutique.
  1350 | D        | Found a shimmering altar of Xom.
  1356 | D        | Noticed a death drake
  1359 | D        | Noticed a crystal guardian
  1364 | D        | Found a glowing golden altar of the Shining One.
  1371 | D        | Found an ornate altar of the Wu Jian Council.
  1375 | D        | Received a gift from Trog
  1384 | D        | Killed a death drake
  1394 | D        | Killed a crystal guardian
  1441 | D        | Found a roughly hewn altar of Beogh.
  1445 | D        | Killed an unseen horror
  1447 | D        | Found a sacrificial altar of Ru.
  1447 | D        | Found a hazy altar of Hepliaklqana.
  1449 | D        | Found a stormy altar of Qazlal.
  1622 | D        | Noticed a death drake
  1630 | D        | Killed a death drake
  1643 | D        | Noticed a deep elf master archer
  1647 | D        | Received a gift from Trog
  1682 | D        | Noticed a kraken
  1701 | D        | Mangled by a tentacle

Illustrated notes

Levels and vault maps discovered:
D:        the_violet_keep_of_menkaure [sprint2_stairs_cluster_1,
          sprint2_shoproom, sprint2_temple, sprint2_basic_supplies,
          sprint2_obstacle_1, sprint2_obstacle_5, sprint2_obstacle_6,
          sprint2_obstacle_4, sprint2_obstacle_3, sprint2_timed_cluster_1,
          sprint2_smallroom_cluster_1, sprint2_smallroom_final_cluster_1,
          sprint2_transparent_cluster_1, sprint2_second_timed_cluster_1,
          sprint2_sniper_area_1, sprint2_heavy_combat_area_1,
          sprint2_mutation_trap_area_1, sprint2_forest_area_1,
          sprint2_light_combat_area_1, sprint2_behind_water_1,
          sprint2_near_end_vault_1]

Skill      XL: |  1  2  3  4  5  6  7  8  9 10 |
---------------+-------------------------------+-----
Fighting       | 4 5 6 7 8 9 10 | 10.8
Maces & Flails | 4 5 7 9 10 11 12 | 12.3
Armour         | 3 4 5 6 8 9 11 12 | 12.2
Dodging        | 2 3 4 5 6 7 8 9 |  9.5
Stealth        | 1 2 3 |  3.7
Shields        | 3 5 10 12 | 12.7
Evocations     | 1 2 |  2.1

Action                   |  1- 3 |  4- 6 |  7- 9 | 10-12 || total
-------------------------+-------+-------+-------+-------++-------
Melee: Mace              |    19 |    63 |   221 |    35 ||   338
       Morningstar       |       |       |       |    42 ||    42
Invok: Trog's Hand       |       |       |     1 |     2 ||     3
       Brothers in Arms  |       |       |       |     3 ||     3
       Berserk           |       |       |       |     1 ||     1
Evoke: Wand              |       |       |     7 |     3 ||    10
  Use: Potion            |     2 |       |     2 |     2 ||     6
       Scroll            |       |       |       |     1 ||     1
 Stab: Distracted        |       |       |     1 |       ||     1
Armor: Animal skin       |     2 |    13 |       |       ||    15
       Chain mail        |       |       |    83 |    58 ||   141
Dodge: Dodged            |    14 |    36 |    31 |    16 ||    97
Block: Tower shield      |       |       |   183 |    76 ||   259

Table legend: (Time is in decaauts)
 A = Elapsed time spent in this place.
 B = Non-inter-level travel time spent in this place.
 C = Inter-level travel time spent in this place.
 D = Time resting spent in this place.
 E = Time spent auto-exploring this place.
 F = Levels seen in this place.
 G = Mean time per level.
                   A        B        C        D        E       F      G
               +--------+--------+--------+--------+--------+-----+--------+
         Total |   1750 |   1746 |      4 |    793 |      0 |   1 | 1750.0 |
       Dungeon |   1750 |   1746 |      4 |    793 |      0 |   1 | 1750.0 |
               +--------+--------+--------+--------+--------+-----+--------+

Top non-repeatable levels by time:
       D: 1750 daAuts
